 Dungeon Crawl Stone Soup version 0.17-b1-22-g5359643 (webtiles) character file.

152639 Geomchi the Unseen (level 16, -6/82 HPs)
             Began as a Spriggan Enchanter on Nov 5, 2015.
             Was the Champion of Dithmenos.
             Mangled by a salamander
             ... wielding a +0 halberd
              (12 damage)
             ... on level 4 of the Snake Pit.
             The game lasted 01:55:03 (40185 turns).

Geomchi the Unseen (Spriggan Enchanter)            Turns: 40185, Time: 01:55:03

Health: -6/82      AC: 11    Str:  4    XL:     16   Next: 74%
Magic:  0/44       EV: 29    Int: 20    God:    Dithmenos [******]
Gold:   3529       SH: 11    Dex: 24    Spells: 6 memorised, 20 levels left

rFire  . . .     SeeInvis +     U - +10 dagger "Vepruaroy" {pierce, SInv}
rCold  . . .     Clarity  .     b - +1 robe
rNeg   . . .     SustAt   .     J - +2 buckler {AC+3}
rPois  .         Gourm    .     O - +2 hat
rElec  .         Spirit   +     o - +2 cloak
rCorr  .         Warding  .     (gloves unavailable)
rMut   .         Stasis   .     (boots unavailable)
MR     ++...                    P - amulet of guardian spirit
Stlth  ++++++++++               w - ring of magical power
                                I - +4 ring of dexterity

@: about to teleport, very slightly contaminated, wreathed by umbra,
constricted, invisible, very quick, very resistant to hostile enchantments,
uncannily stealthy
A: unfitting armour, see invisible, herbivore 3, speed 3, slow metabolism 2
a: Shadow Step, Shadow Form, Renounce Religion
}: 1/15 runes: decaying


You were on level 4 of the Snake Pit.
You worshipped Dithmenos.
Dithmenos was exalted by your worship.
You were not hungry.

You visited 6 branches of the dungeon, and saw 36 of its levels.
You also visited: Ice Cave.

You collected 3613 gold pieces.
You spent 84 gold pieces at shops.

Inventory:

Hand Weapons
 U - the +10 dagger "Vepruaroy" (weapon) {pierce, SInv}
   (You found it on level 8 of the Lair of Beasts)

   It inflicts extra damage upon your enemies.
   It lets you see invisible.
Armour
 b - a +1 robe (worn)
 o - a +2 cloak (worn)
 J - a +2 buckler of protection (worn)
 O - a +2 hat (worn)
Jewellery
 e - an uncursed amulet of clarity
 r - an uncursed amulet of resist corrosion
 w - a ring of magical power (right hand)
 I - a +4 ring of dexterity (left hand)
 P - an amulet of guardian spirit (around neck)
 X - an uncursed ring of teleportation
 Y - a +2 ring of evasion
Wands
 l - a wand of paralysis (21)
 x - a wand of draining (10)
Scrolls
 g - 7 scrolls of fog
 h - a scroll of holy word {unknown}
 i - 10 scrolls of teleportation
 k - 20 scrolls of remove curse
 n - 5 scrolls of enchant armour
 p - 5 scrolls of recharging
 s - 2 scrolls of fear
 t - 5 scrolls of amnesia
 y - a scroll of vulnerability {unknown}
 z - a scroll of blinking {unknown}
 E - a scroll of silence {unknown}
 F - 2 scrolls of magic mapping {unknown}
 L - 6 scrolls of enchant weapon
Potions
 f - 8 potions of curing
 j - 3 potions of might
 m - 3 potions of ambrosia
 A - 3 potions of agility
 B - a potion of heal wounds
 D - 2 potions of haste
 G - a potion of mutation {unknown}
 K - a potion of brilliance
 N - a potion of magic {unknown}
 Q - 2 potions of resistance
 T - a potion of cure mutation
 Z - 3 potions of invisibility {unknown}
Books
 c - a book of Maledictions

   Spells                             Type                      Level
   a - Corona                         Hexes                        1
   b - Ensorcelled Hibernation        Hexes/Ice                    2
   c - Confuse                        Hexes                        3
   d - Tukima's Dance                 Hexes                        3
   e - Dazzling Spray                 Conjuration/Hexes            3
 q - a book of the Warp

   Spells                             Type                      Level
   a - Recall                         Summoning/Translocation      3
   b - Gell's Gravitas                Hexes/Translocation          3
   c - Force Lance                    Conjuration/Translocation    4
   d - Phase Shift                    Translocation                5
   e - Warp Weapon                    Charms/Translocation         5
   f - Summon Forest                  Summoning/Translocation      5
 u - a book of Summonings

   Spells                             Type                      Level
   a - Recall                         Summoning/Translocation      3
   b - Aura of Abjuration             Summoning                    5
   c - Shadow Creatures               Summoning                    5
   d - Summon Demon                   Summoning                    5
   e - Summon Forest                  Summoning/Translocation      5
   f - Summon Mana Viper              Hexes/Summoning              5
 v - a book of Unlife

   Spells                             Type                      Level
   a - Recall                         Summoning/Translocation      3
   b - Animate Dead                   Necromancy                   4
   c - Control Undead                 Necromancy                   4
   d - Cigotuvi's Embrace             Necromancy                   5
   e - Death Channel                  Necromancy                   6
   f - Simulacrum                     Ice/Necromancy               6
 H - a book of Ice

   Spells                             Type                      Level
   a - Ice Form                       Ice/Transmutation            4
   b - Metabolic Englaciation         Hexes/Ice                    5
   c - Ozocubu's Refrigeration        Ice                          6
   d - Bolt of Cold                   Conjuration/Ice              6
   e - Freezing Cloud                 Conjuration/Ice/Air          6
   f - Simulacrum                     Ice/Necromancy               6
 M - a book of Geomancy

   Spells                             Type                      Level
   a - Sandblast                      Earth                        1
   b - Stoneskin                      Transmutation/Earth          2
   c - Passwall                       Transmutation/Earth          3
   d - Stone Arrow                    Conjuration/Earth            3
   e - Petrify                        Transmutation/Earth          4
   f - Lee's Rapid Deconstruction     Earth                        5
 R - a book of Dreams

   Spells                             Type                      Level
   a - Ensorcelled Hibernation        Hexes/Ice                    2
   b - Phase Shift                    Translocation                5
   c - Shadow Creatures               Summoning                    5
   d - Silence                        Hexes/Air                    5
   e - Darkness                       Hexes                        6
   f - Mass Confusion                 Hexes                        6
 S - a book of Party Tricks

   Spells                             Type                      Level
   a - Summon Butterflies             Summoning                    1
   b - Apportation                    Translocation                1
   c - Tukima's Dance                 Hexes                        3
   d - Alistair's Intoxication        Transmutation/Poison         4
   e - Invisibility                   Hexes                        6
Comestibles
 d - 16 bread rations {@e1}
 C - 8 fruits


   Skills:
 - Level 8.3 Fighting
 - Level 12.3 Short Blades
 - Level 12.0 Dodging
 - Level 20.1 Stealth
 - Level 8.2 Shields
 + Level 14.5 Spellcasting
 + Level 17.0 Hexes


You had 20 spell levels left.
You knew the following spells:

 Your Spells              Type           Power        Failure   Level  Hunger
a - Corona                Hex            ######.      0%          1    None
b - Confuse               Hex            ######..     0%          3    None
c - Ensorcelled Hibernat  Hex/Ice        #####.       1%          2    None
d - Mass Confusion        Hex            ######....   1%          6    #####..
e - Darkness              Hex            ######....   1%          6    #####..
f - Invisibility          Hex            ######..     1%          6    #####..


Dungeon Overview and Level Annotations

Branches:
Dungeon (15/15)            Temple (1/1) D:5            Lair (8/8) D:8
  Swamp (4/4) Lair:5        Snake (4/4) Lair:3        Slime (0/6) Lair:6
    Orc (4/4) D:11            Elf (0/3) Orc:3        Vaults (0/5) D:13
 Depths (0/5) D:15

Altars:
Ashenzari
Cheibriados
Dithmenos
Elyvilon
Fedhas
Gozag
Kikubaaqudgha
Makhleb
Nemelex Xobeh
Okawaru
Qazlal
Ru
Sif Muna
Trog
Vehumet
Xom
Yredelemnul
Zin
The Shining One
Beogh

Shops:
D:7 ?   D:9 (   D:10 =   Orc:3 !   Orc:4 ((((


Innate Abilities, Weirdness & Mutations

You are tiny and cannot use many weapons and most armour.
You have supernaturally acute eyesight.
You are a herbivore.
You cover ground extremely quickly.
You need consume almost no food.


Message History

The salamander mystic hits you with a quarterstaff!
You are engulfed in flames!
The naga sharpshooter shoots a bolt.
The bolt hits you!
* * * LOW HITPOINT WARNING * * *
You emit a cloud of dark smoke.
You take 27 damage, and have 19/82 hp.
MASSIVE DAMAGE!!
You now have 8/44 mp.
Read which item? (? for menu, Esc to quit)
As you read the scroll of teleportation, it crumbles to dust.
You feel strangely unstable.
The salamander looks more healthy.
The guardian serpent completely misses you.
You block the guardian serpent's attack.
The guardian serpent completely misses you.
The naga warrior hits you with a halberd.
* * * LOW HITPOINT WARNING * * *
x2 The naga warrior constricts you.
The guardian serpent completely misses you.
The salamander hits you with a halberd!
* * * LOW HITPOINT WARNING * * *
You are engulfed in flames!
You die...

... ..... ........
..#.#. ####...####
###.....§N§§###
##....⌠..NS§N..###
.........§S@N§...##
........#§NNS.....#
...⌠...<.§N.§⌠....#
.........§.§......#
..................#
......⌠...⌠......##
...N.............#
#...............##
###.(.........###


You could see a naga warrior, a naga sharpshooter, a salamander mystic, 2
salamanders, 3 guardian serpents and 2 nagas.

Vanquished Creatures
  Jorgrun (Swamp:2)
  Gastronok (Orc:2)
  Maud (Orc:2)
  Aizul (Swamp:2)
  2 very ugly things (Swamp:4)
  A salamander stormcaller (D:13)
  Erolcha (D:11)
  A fire dragon (Lair:8)
  Josephine (Lair:6)
  2 green deaths (Swamp:4)
  A rakshasa (D:15)
  An anaconda (Snake:1)
  14 hydras
  7 centaur warriors
  A ghost crab (Swamp:3)
  6 alligators
  5 ogre magi
  A catoblepas (D:14)
  2 tengu warriors (D:15)
  Urug (Lair:3)
  3 naga sharpshooters
  8 spriggans
  Nergalle (Orc:1)
  4 skeletal warriors
  A giant orange brain (D:15)
  3 unseen horrors
  A sea snake (Snake:3)
  3 spriggan druids
  3 shambling mangroves
  4 swamp dragons (Swamp:4)
  5 hill giants
  The ghost of Galdon the Conjurer, a novice DrCj of Vehumet (D:7)
  An orc knight (D:13)
  A hornet (Swamp:4)
  A mana viper (Snake:3)
  An orc sorcerer (Orc:4)
  15 ugly things
  4 cyclopes
  A griffon (Lair:5)
  3 elephants (Lair:6)
  An octopode (shapeshifter) (D:15)
  3 manticores
  3 orange demons (Swamp:4)
  7 black mambas
  7 centaur zombies
  2 salamanders (Snake:4)
  An ice statue (IceCv)
  Psyche (D:12)
  A gargoyle (D:12)
  7 spiny frogs
  2 naga magi (Snake:1)
  An efreet (D:13)
  8 yaktaurs
  7 komodo dragons
  3 fire drakes (Lair:8)
  2 tengu conjurers (D:15)
  5 giant leeches
  16 two-headed ogres
  4 trolls
  8 polar bears (Lair:8)
  The ghost of Clownie the Cudgeler, an amateur DsCK of Xom (D:4)
  6 bog bodies
  20 blink frogs
  16 slime creatures
  2 raiju (Lair:8)
  6 wraiths
  A vampire (D:8)
  59 yaks
  4 shadows
  A trapdoor spider (D:12)
  2 wyverns
  3 basilisks (Lair:8)
  3 hungry ghosts
  A steam dragon (Lair:8)
  A human (D:7)
  26 wolves
  A human (shapeshifter) (D:15)
  18 vampire mosquitoes
  3 mottled dragons (Lair:8)
  7 wargs (Lair:8)
  9 hippogriffs
  5 insubstantial wisps (Swamp:4)
  6 nagas
  10 swamp worms
  A soldier ant (D:15)
  3 hell hounds (Lair:8)
  5 swamp drakes
  11 porcupines
  18 water moccasins
  18 orc warriors
  11 wasps
  5 ice beasts
  6 sky beasts
  3 phantoms
  13 black bears
  20 centaurs
  An eye of draining (shapeshifter) (D:15)
  31 ogres
  A brain worm (D:12)
  15 crocodiles
  18 giant frogs
  3 big kobolds
  A wyvern zombie (D:10)
  2 scorpions
  13 wights
  6 wyvern skeletons
  8 killer bees
  2 electric eels
  17 hounds
  10 iguanas
  A giant frog zombie (D:10)
  4 jellies
  A wasp zombie (D:5)
  5 crimson imps
  3 giant frog skeletons
  9 worker ants
  7 centaur skeletons
  28 orc priests
  7 hell rats (Lair:3)
  42 orc wizards
  13 sheep
  A killer bee zombie (D:9)
  2 hound zombies
  2 hound skeletons
  A worker ant zombie (D:11)
  6 gnolls
  13 river rats
  13 adders
  6 shadow imps
  3 white imps (IceCv)
  8 ufetubi (IceCv)
  2 adder skeletons
  2 adder zombies
  A worm (D:3)
  6 giant geckos
  192 orcs
  9 bats
  6 goblins
  12 hobgoblins
  23 jackals
  2 quokkas
  6 giant cockroaches
  7 giant newts
  A jackal zombie (D:6)
  48 kobolds
  A quokka skeleton (D:4)
  6 rats
  2 fungi
1158 creatures vanquished.

Vanquished Creatures (others)
  A hydra (Swamp:4)
  A hungry ghost (D:12)
  An eye of draining (D:12)
  A centaur (D:15)
  A wyvern skeleton (D:13)
  A hound (Lair:8)
  A giant frog skeleton (D:12)
  4 ufetubi (IceCv)
  An orc (Orc:4)
  21 fungi
  8 plants (Lair:8)
41 creatures vanquished.

Grand Total: 1199 creatures vanquished

Notes
Turn   | Place    | Note
--------------------------------------------------------------
     0 | D:1      | Geomchi the Spriggan Enchanter began the quest for the Orb.
     0 | D:1      | Reached XP level 1. HP: 9/9 MP: 5/5
   234 | D:1      | Reached skill level 5 in Stealth
   406 | D:1      | Reached XP level 2. HP: 5/13 MP: 4/6
  1416 | D:1      | Reached skill level 6 in Stealth
  1494 | D:1      | Reached XP level 3. HP: 16/16 MP: 5/8
  1977 | D:2      | Found a glowing silver altar of Zin.
  1977 | D:2      | Found a burning altar of Makhleb.
  1978 | D:2      | Noticed a blizzard demon
  1978 | D:2      | Noticed an angel
  2692 | D:3      | Reached XP level 4. HP: 19/21 MP: 9/9
  2903 | D:3      | Noticed a big kobold
  3348 | D:2      | Learned a level 3 spell: Confuse
  3353 | D:2      | Learned a level 2 spell: Ensorcelled Hibernation
  3429 | D:3      | Reached skill level 7 in Stealth
  3472 | D:3      | Killed a big kobold
  3472 | D:3      | Reached skill level 8 in Stealth
  3472 | D:3      | Reached XP level 5. HP: 21/24 MP: 5/10
  4746 | D:3      | Noticed a big kobold
  4770 | D:3      | Killed a big kobold
  4770 | D:3      | Reached XP level 6. HP: 23/28 MP: 2/12
  5095 | D:4      | Reached skill level 5 in Hexes
  5266 | D:4      | Noticed Clownie's ghost (amateur DsCK)
  5435 | D:4      | Killed Clownie's ghost
  5435 | D:4      | Reached skill level 5 in Spellcasting
  5435 | D:4      | Reached XP level 7. HP: 32/32 MP: 9/16
  5913 | D:4      | Found an ancient bone altar of Kikubaaqudgha.
  6156 | D:5      | Entered Level 5 of the Dungeon
  6163 | D:5      | Found a snail-covered altar of Cheibriados.
  6631 | D:5      | Found a staircase to the Ecumenical Temple.
  6712 | Temple   | Entered the Ecumenical Temple
  7688 | D:6      | Found a shadowy altar of Dithmenos.
  7692 | D:6      | Found a basalt altar of Yredelemnul.
  7696 | D:6      | Reached skill level 9 in Stealth
  7696 | D:6      | Reached XP level 8. HP: 36/36 MP: 18/18
  7703 | D:6      | Became a worshipper of Dithmenos the Shadowed
  7991 | D:6      | Reached skill level 10 in Stealth
  8648 | D:7      | Found Besoarai's Magic Scroll Boutique.
  9151 | D:7      | Noticed Galdon's ghost (novice DrCj)
  9152 | D:7      | Found an iron altar of Okawaru.
  9192 | D:7      | Killed Galdon's ghost
  9192 | D:7      | Reached skill level 5 in Short Blades
  9192 | D:7      | Reached skill level 11 in Stealth
  9192 | D:7      | Reached XP level 9. HP: 32/39 MP: 19/19
  9335 | D:7      | Bought a scroll of identify for 24 gold pieces
  9335 | D:7      | Bought a scroll of identify for 24 gold pieces
  9335 | D:7      | Bought a scroll of remove curse for 36 gold pieces
  9881 | D:7      | Reached skill level 12 in Stealth
 10087 | D:7      | Noticed a manticore
 10092 | D:7      | Killed a manticore
 10165 | D:7      | Reached * piety under Dithmenos
 10698 | D:8      | Reached skill level 10 in Hexes
 10852 | D:8      | Found a staircase to the Lair.
 11100 | D:8      | Reached XP level 10. HP: 31/44 MP: 14/23
 11340 | D:9      | Found Woir's Weapon Shoppe.
 11698 | D:9      | Reached skill level 5 in Dodging
 11954 | D:9      | Reached ** piety under Dithmenos
 12248 | D:9      | Found a shattered altar of Ashenzari.
 12304 | D:10     | Entered Level 10 of the Dungeon
 12355 | D:10     | Found Conoseh's Jewellery Shoppe.
 12711 | D:10     | Reached skill level 13 in Stealth
 12906 | D:10     | Noticed a hill giant
 12926 | D:10     | Killed a hill giant
 13297 | D:11     | Noticed a cyclops
 13304 | D:11     | Killed a cyclops
 13378 | D:11     | Reached *** piety under Dithmenos
 13413 | D:11     | Noticed Erolcha
 13583 | D:11     | Reached XP level 11. HP: 47/47 MP: 24/24
 13665 | D:11     | Noticed a brown ugly thing
 13675 | D:11     | Killed Erolcha
 13675 | D:11     | Reached skill level 1 in Shields
 13710 | D:11     | Killed a brown ugly thing
 13945 | D:11     | Found a deep blue altar of Sif Muna.
 14057 | D:11     | Found a staircase to the Orcish Mines.
 14142 | D:11     | Found a roughly hewn altar of Beogh.
 14455 | Lair:1   | Entered Level 1 of the Lair of Beasts
 14462 | Lair:1   | Reached skill level 1 in Fighting
 14722 | Lair:1   | Reached **** piety under Dithmenos
 14874 | Lair:1   | HP: 2/52 [wolf (9)]
 15448 | Lair:1   | Reached skill level 14 in Stealth
 16311 | Lair:2   | Reached XP level 12. HP: 58/58 MP: 25/25
 16324 | Lair:2   | Learned a level 6 spell: Mass Confusion
 16383 | Lair:2   | You fall through a shaft for 2 floors!
 17377 | Lair:2   | Learned a level 6 spell: Darkness
 18005 | Lair:3   | Found a staircase to the Snake Pit.
 18026 | Lair:3   | Noticed Urug
 18039 | Lair:3   | Killed Urug
 18569 | Lair:3   | Reached ***** piety under Dithmenos
 18569 | Lair:3   | Reached skill level 10 in Spellcasting
 19804 | Lair:5   | Noticed a seven-headed hydra
 19811 | Lair:5   | Killed a seven-headed hydra
 20297 | Lair:5   | Found a staircase to the Swamp.
 20483 | Lair:5   | Noticed an eight-headed hydra
 20495 | Lair:5   | Killed an eight-headed hydra
 20884 | Lair:6   | Noticed Josephine
 20894 | Lair:6   | Killed Josephine
 20894 | Lair:6   | Reached XP level 13. HP: 54/61 MP: 30/30
 21106 | Lair:6   | Found a staircase to the Slime Pits.
 21996 | Lair:7   | Reached skill level 15 in Stealth
 22617 | Lair:5   | Reached skill level 15 in Hexes
 22984 | Lair:7   | Found a shadowy altar of Dithmenos.
 23411 | Lair:8   | Entered Level 8 of the Lair of Beasts
 23481 | Lair:8   | Reached skill level 16 in Stealth
 23900 | Lair:8   | Got a warped dagger
 23905 | Lair:8   | Identified the +10 dagger "Vepruaroy" {pierce, SInv} (You found it on level 8 of the Lair of Beasts)
 24269 | Lair:8   | Reached skill level 10 in Short Blades
 24443 | Lair:8   | Reached skill level 17 in Stealth
 24507 | Lair:8   | Reached skill level 10 in Dodging
 24678 | Lair:8   | Reached ****** piety under Dithmenos
 25525 | Lair:8   | Reached XP level 14. HP: 62/65 MP: 30/31
 25953 | Orc:1    | Entered Level 1 of the Orcish Mines
 25965 | Orc:1    | Noticed Nergalle
 25990 | Orc:1    | Killed Nergalle
 26608 | Orc:2    | Reached skill level 18 in Stealth
 26729 | Orc:2    | Noticed Maud
 26752 | Orc:2    | Killed Maud
 26955 | Orc:2    | Noticed Gastronok
 26962 | Orc:2    | Killed Gastronok
 26962 | Orc:2    | Reached skill level 5 in Shields
 27063 | Orc:2    | Found a frozen archway.
 27096 | IceCv    | Entered an ice cave
 27635 | Orc:3    | Found Tikloz's Distillery.
 27758 | Orc:3    | Found a staircase to the Elven Halls.
 28329 | Orc:4    | Entered Level 4 of the Orcish Mines
 28371 | Orc:4    | Found Dedistrienk's Weapon Boutique.
 28371 | Orc:4    | Found Douxopuota's Weapon Shoppe.
 28371 | Orc:4    | Found Nuofous's Weapon Shoppe.
 28371 | Orc:4    | Found Ubauc's Weapon Shop.
 28393 | Orc:4    | Reached skill level 5 in Fighting
 28526 | Orc:4    | Found a roughly hewn altar of Beogh.
 29419 | D:12     | Noticed Psyche
 29426 | D:12     | Killed Psyche
 31434 | D:13     | Reached XP level 15. HP: 77/77 MP: 32/32
 31617 | D:13     | Found a gate to the Vaults.
 31902 | D:13     | You fall through a shaft for 2 floors!
 31902 | D:15     | Entered Level 15 of the Dungeon
 34070 | D:15     | Reached skill level 19 in Stealth
 34192 | D:15     | Found a staircase to the Depths.
 34648 | D:14     | Found a sacrificial altar of Ru.
 35770 | Swamp:1  | Entered Level 1 of the Swamp
 36145 | Swamp:2  | Noticed Jorgrun
 36174 | Swamp:2  | Killed Jorgrun
 36174 | Swamp:2  | Reached skill level 20 in Stealth
 36310 | Swamp:2  | Noticed Aizul
 36316 | Swamp:2  | Killed Aizul
 36350 | Swamp:3  | Learned a level 6 spell: Invisibility
 36561 | Swamp:3  | Reached XP level 16. HP: 82/82 MP: 33/33
 36627 | Swamp:3  | Gained mutation: You are partially covered in iridescent scales (AC +4). [mutagenic glow]
 36698 | Swamp:3  | Noticed a thorn hunter
 36849 | Swamp:4  | Entered Level 4 of the Swamp
 37036 | Swamp:3  | Gained mutation: You expend magic power (3 MP) to strengthen your wands. [mutagenic glow]
 37786 | Swamp:4  | Gained mutation: Your spells are a little easier to cast, but a little less powerful. [mutagenic glow]
 37819 | Swamp:3  | Gained mutation: Your mind is acute. (Int +2) [mutagenic glow]
 37904 | Swamp:3  | Lost mutation: You expend magic power (3 MP) to strengthen your wands. [potion of cure mutation]
 37904 | Swamp:3  | Lost mutation: Your mind is acute. (Int +2) [potion of cure mutation]
 37904 | Swamp:3  | Lost mutation: Your spells are a little easier to cast, but a little less powerful. [potion of cure mutation]
 37904 | Swamp:3  | Lost mutation: You are partially covered in iridescent scales (AC +4). [potion of cure mutation]
 38860 | Swamp:4  | Got a decaying rune of Zot
 38861 | Swamp:4  | Noticed a tentacled monstrosity
 39314 | Snake:1  | Entered Level 1 of the Snake Pit
 40166 | Snake:4  | Entered Level 4 of the Snake Pit
 40185 | Snake:4  | Mangled by a salamander

Action                   |  1- 3 |  4- 6 |  7- 9 | 10-12 | 13-15 | 16-18 || total
-------------------------+-------+-------+-------+-------+-------+-------++-------
Melee: Dagger            |   173 |   275 |   386 |   686 |  1964 |   336 ||  3820
 Cast: Corona            |    16 |    22 |    14 |     8 |     4 |       ||    64
       Ensorcelled Hiber |       |     8 |    39 |    86 |   115 |       ||   248
       Confuse           |       |     9 |    24 |    86 |    97 |    36 ||   252
       Mass Confusion    |       |       |       |     7 |    17 |       ||    24
       Darkness          |       |       |       |     1 |     3 |       ||     4
       Invisibility      |       |       |       |       |     2 |     9 ||    11
Invok: Shadow Step       |       |       |       |     1 |       |       ||     1
  Use: Scroll            |       |       |     8 |    10 |     7 |     5 ||    30
       Potion            |       |       |       |     1 |     3 |     2 ||     6
 Stab: Sleeping          |    15 |    10 |    52 |   111 |   199 |    24 ||   411
       Distracted        |     2 |     2 |     4 |     8 |    21 |     7 ||    44
       Confused          |       |     6 |    15 |    56 |    64 |    24 ||   165
       Invisible         |       |       |       |       |     4 |    24 ||    28
  Eat: Bread ration      |       |     1 |       |       |     1 |     1 ||     3
       Pizza             |       |       |     2 |     8 |     3 |     1 ||    14
       Fruit             |       |       |     1 |       |    14 |       ||    15
       Royal jelly       |       |       |       |       |     1 |     1 ||     2
